 Dungeon Crawl Stone Soup version 0.28.0-43-g3370ac3207 (webtiles) character file.

Game seed: 1500571754634356713

45973 unlimited1921 the Thaumaturge (level 14, -2/154 HPs)
             Began as a Djinni Fire Elementalist on Mar 21, 2022.
             Was an Initiate of Gozag.
             Slain by a +1 dire flail of holy wrath (10 damage)
             ... on level 1 of the Elven Halls on Apr 1, 2022.
             The game lasted 04:36:27 (42867 turns).

unlimited1921 the Thaumaturge (DjFE)               Turns: 42867, Time: 04:36:29

Health: -2/154     AC: 27    Str: 13    XL:     14   Next: 73%
Gold:   2650       EV:  2    Int: 21    God:    Gozag SH:  0 Dex: 15

rFire   + + .      SeeInvis .   F - +9 war axe of Teedos {flame, Contam rF++ rC++}
rCold   + + .      Faith    .   (no shield)
rNeg    . . .      Spirit   .   (armour currently unavailable)
rPois   ∞          Reflect  .   (helmet currently unavailable)
rElec   .          Harm     .   (cloak currently unavailable)
rCorr   .          Rampage  .   (gloves currently unavailable)
Will    +....      NoTele   +   (boots unavailable)
Stlth   +++.......              y - amulet of the acrobat
HPRegen 0.35/turn               L - +6 ring of strength
MPRegen 0.00/turn               U - +4 ring of evasion

@: tree-form, wereblooded, hasted, very quick
A: stationary, stasis, torment immunity, boosted hp, sickness immunity, (fire
resistance 2), (cold vulnerability 1), float, innate caster, HP casting, extra
vitality 1
a: Renounce Religion, Potion Petition, Call Merchant, Bribe Branch


You were on level 1 of the Elven Halls.
You worshipped Gozag.
Gozag was most pleased with you.
You were a tree.
You visited 4 branches of the dungeon, and saw 16 of its levels.

You collected 5389 gold pieces.
You spent 2703 gold pieces at shops.
You paid 36 gold pieces to Gozag.

Inventory:

Hand Weapons
 j - the +7 hand axe "Aczur" {venom, Contam rF+ Will+}
   (You took it off an efreet on level 11 of the Dungeon)

   It poisons the flesh of those it strikes.
   rF:        It protects you from fire.
   Contam:    It causes magical contamination when unequipped.
   Will:      It increases your willpower.
 r - a +2 long sword of holy wrath
 A - the +10 spear of Pride {freeze, Stlth+}
   (You found it on level 1 of the Orcish Mines)

   It freezes those it strikes, dealing additional cold damage.
   It can also slow down cold-blooded creatures.
   Stlth:     It makes you more stealthy.
 C - a +1 flail of protection
 F - the +9 war axe of Teedos (weapon) {flame, Contam rF++ rC++}
   (You found it on level 10 of the Dungeon)

   It burns those it strikes, dealing additional fire damage.
   Big, fiery blades are also staple armaments of hydra-hunters.
   rF:        It greatly protects you from fire.
   rC:        It greatly protects you from cold.
   Contam:    It causes magical contamination when unequipped.
 P - a +0 arbalest of venom
Missiles
 l - 483 bolts
 n - 16 poisoned darts (quivered)
 o - 10 javelins
 I - 5 datura-tipped darts
 O - 4 silver javelins
 T - 9 boomerangs
Armour
 m - the +4 chain mail of Kucuikioho {rC+ rCorr Stlth+}
   (You took it off an orc warrior on level 10 of the Dungeon)

   rC:        It protects you from cold.
   rCorr:     It protects you from acid and corrosion.
   Stlth:     It makes you more stealthy.
 s - the -2 hat of the Alchemist (melded) {rElec rPois rF+ rC+ rN+ Will+ rMut rCorr}
   (You found it on level 9 of the Dungeon)

   rF:        It protects you from fire.
   rC:        It protects you from cold.
   rElec:     It insulates you from electricity.
   rPois:     It protects you from poison.
   rN:        It protects you from negative energy.
   rCorr:     It protects you from acid and corrosion.
   rMut:      It protects you from mutation.
   Will:      It increases your willpower.
 t - a +2 robe of the Archmagi
 z - a +2 chain mail of poison resistance
 H - a +2 pair of gloves (melded)
 W - the +8 plate armour of Tortured Freedom (melded) {*Slow rC+++ Regen+}
   (You bought it in a shop on level 10 of the Dungeon)

   rC:        It renders you almost immune to cold.
   Regen:     It increases your rate of health regeneration.
   *Slow:     It may slow you when you take damage.
 Z - a +2 cloak (melded)
Jewellery
 h - an amulet of regeneration
 y - an amulet of the acrobat (around neck)
 E - a +4 ring of protection
 L - a +6 ring of strength (left branch)
 M - the ring of Recklessness {Fly rCorr}
   (You found it on level 1 of the Orcish Mines)

   [ring of flight]

   Fly:       It grants you flight.
   rCorr:     It protects you from acid and corrosion.
 U - a +4 ring of evasion (right branch)
Wands
 a - a wand of paralysis (1)
 V - a wand of flame (17)
Scrolls
 d - a scroll of teleportation
 u - 3 scrolls of enchant armour
 w - 2 scrolls of silence
 D - a scroll of immolation
 J - 2 scrolls of magic mapping
 S - a scroll of fog
Potions
 p - 2 potions of berserk rage
 q - 3 potions of cancellation
 G - a potion of resistance
Miscellaneous
 x - a lightning rod (3/4)
 X - a phial of floods (inert)


   Skills:
 * Level 10.4 Fighting
 + Level 2.4 Axes
 + Level 1.2 Throwing
 * Level 9.3 Armour
 + Level 4.3 Dodging
 + Level 5.0 Stealth
 + Level 14.6 Spellcasting
 * Level 4.4 Evocations


You had 11 spell levels left.
You knew the following spells:

 Your Spells              Type           Power      Damage    Failure   Level
a - Foxfire               Conj/Fire      100%       2x1d9     0%          1
b - Scorch                Fire           100%       2d10      0%          2
c - Conjure Flame         Conj/Fire      67%        6-21      1%          3
d - Inner Flame           Hex/Fire       67%        N/A       1%          3
e - Flame Wave            Conj/Fire      67%        2d12      1%          4
f - Pain                  Necr           100%       1d9       0%          1
g - Wereblood             Tmut           67%        N/A       0%          2
h - Ensorcelled Hibernat  Hex/Ice        100%       N/A       0%          2
i - Stone Arrow           Conj/Erth      100%       3d13      1%          3
j - Metabolic Englaciati  Hex/Ice        33%        N/A       1%          5
k - Iskenderun's Battles  Conj           67%        2d12      1%          5
Your spell library was empty.

Dungeon Overview and Level Annotations

Branches:
Dungeon (11/15)            Temple (1/1) D:4            Lair (0/6) D:9
    Orc (2/2) D:10            Elf (2/3) Orc:2

Altars:
Ashenzari
Cheibriados
Dithmenos
Elyvilon
Fedhas
Gozag
Hepliaklqana
Kikubaaqudgha
Makhleb
Nemelex Xobeh
Okawaru
Qazlal
Ru
Sif Muna
Trog
Uskayaw
Vehumet
Wu Jian
Xom
Yredelemnul
Zin
The Shining One
Beogh

Shops:
D:7 (   D:10 [   Orc:1 =   Orc:2 =[****

Annotations:
D:10 3 runed translucent doors, dualclasshuman's ghost, journeyman DjFE
D:11 2 transporters, Icepheonix32's ghost, journeyman DsFi


Innate Abilities, Weirdness & Mutations

You are a tree.
Your roots penetrate the ground, keeping you stationary.
You cannot be teleported.
You are immune to unholy pain and torment.
Your maximum health is greatly increased.
Your equipment is partially melded.
You are immune to sickness and miasma.
You are immune to poison.
((Your flesh is very heat resistant. (rF++)))
((You are vulnerable to cold. (rC-)))
You float through the air rather than walking.
You learn spells naturally, not from books.
Your magical power is your life essence.
You have superior vitality. (+4 MHP)


Message History

The +1 dire flail of holy wrath hits you.
* * * LOW HITPOINT WARNING * * *
There is an open door here.
Aiming: Paralyse
Press: ? - help, Shift-Dir - straight line, f - +1 dire flail of holy wrath
Aim: a +1 dire flail of holy wrath (infinite will)
The +1 dire flail of holy wrath is unaffected.
The +1 dire flail of holy wrath hits you.
* * * LOW HITPOINT WARNING * * *
The +1 dire flail of holy wrath hits you but does no damage.
You turn into a tree.
Your +2 cloak melds into your body.
The -2 hat of the Alchemist {rElec rPois rF+ rC+ rN+ Will+ rMut rCorr} melds into your body.
Your +2 pair of gloves melds into your body.
The +8 plate armour of Tortured Freedom {*Slow rC+++ Regen+} melds into your body.
Your roots penetrate the ground.
The +1 dire flail of holy wrath hits you but does no damage.
Throw: 12 javelins
Press: ? - help, Q - select action, (/) - cycle Shift-Dir - straight line, f/p - +1 dire flail of holy wrath
Aim: a +1 dire flail of holy wrath (35% to hit)
You throw a javelin.
The javelin pierces through the +1 dire flail of holy wrath.
The +1 dire flail of holy wrath is lightly damaged.
The +1 dire flail of holy wrath hits you but does no damage.
Throw: 11 javelins
Press: ? - help, Q - select action, (/) - cycle Shift-Dir - straight line, f/p - +1 dire flail of holy wrath
Aim: a +1 dire flail of holy wrath (lightly damaged, 35% to hit)
You throw a javelin.
The javelin barely misses the +1 dire flail of holy wrath.
The +1 dire flail of holy wrath hits you but does no damage.
The +1 dire flail of holy wrath hits you!!
* * * LOW HITPOINT WARNING * * *
Unknown command.
Throw: dart (curare)
Press: ? - help, Q - select action, (/) - cycle Shift-Dir - straight line, f/p - +1 dire flail of holy wrath
Aim: a +1 dire flail of holy wrath (lightly damaged, 35% to hit)
You throw a curare-tipped dart.
The curare-tipped dart misses the +1 dire flail of holy wrath.
The +1 dire flail of holy wrath hits you!
You die...
Your body crumbles into a pile of gold.

##...####$........#
#.......'....($...+
##...####.........# ##..##
##..$.>..## ##.#.##
##.....## ##.###.## ##.$.##
##.## ##.## ##'## # #.##
##.# #(# ☼# ##.## ##.## #♣#
####☼# ##.###.##
##.####....#
##.#.########...##.....##..
##.##.....................
#.##.##................#.
#######.####.#...........
#.#.# #.#.........##
########'#.# #.##.......##
##..........# #.###.....##


You could see a +1 dire flail of holy wrath.

Vanquished Creatures
  3 orc warlords
  A deep elf death mage (Elf:2)
  An ettin (D:11)
  A fire dragon (D:11)
  Erolcha (D:11)
  3 hydras
  A centaur warrior (D:11)
  A tengu warrior (D:11)
  4 two-headed ogres
  Urug (D:10)
  An orc high priest (D:10)
  A glowing orange brain (shapeshifter) (Elf:1)
  2 deep elf archers
  5 deep elf zephyrmancers
  8 orc knights
  5 deep elf pyromancers
  2 orc sorcerers (Orc:1)
  3 cyclopes
  3 ugly things (D:11)
  Maurice (D:11)
  An elephant (D:9)
  An unseen horror (D:11)
  Maggie (D:6)
  2 efreet (D:11)
  A freezing wraith (D:11)
  9 trolls
  A hornet (D:10)
  A meliai zombie (D:10)
  An air elemental (Elf:1)
  2 water elementals
  19 yaks
  Sigmund (D:3)
  A spriggan (shapeshifter) (Elf:1)
  4 wyverns
  2 basilisks
  A steam dragon (D:10)
  11 wargs
  A water moccasin (D:9)
  2 sky beasts
  55 orc warriors
  A necrophage (D:7)
  2 black bears
  14 ogres
  13 centaurs
  An ogre (shapeshifter) (D:11)
  3 kobold brigands
  2 bullfrogs
  A scorpion (D:6)
  A water moccasin zombie (D:6)
  A killer bee (D:9)
  A wight (D:9)
  6 centaur zombies
  12 orc priests
  A jelly (D:5)
  A hound (D:5)
  A centaur skeleton (D:4)
  2 iguanas (D:5)
  Natasha (thrice) (D:2)
  20 orc wizards
  2 killer bee zombies
  A hound zombie (D:5)
  2 howler monkey zombies (D:9)
  Robin (D:2)
  4 gnolls
  5 adders
  2 shadow imps (D:8)
  A white imp (D:7)
  A worm (D:2)
  2 dart slugs
  73 orcs
  7 ball pythons
  6 endoplasms
  4 giant cockroaches
  14 goblins
  14 hobgoblins
  4 jackals (D:3)
  2 quokkas
  3 bats
  2 frilled lizards (D:1)
  24 kobolds
  7 rats
  A foxfire (D:7)
433 creatures vanquished.

Vanquished Creatures (collateral kills)
  A foxfire (Orc:1)
1 creature vanquished.

Vanquished Creatures (others)
  3 dancing weapons
  1374 foxfires
1377 creatures vanquished.

Grand Total: 1811 creatures vanquished

Notes
Turn   | Place    | Note
-------+----------+-------------------------------------------
     0 | D:1      | unlimited1921 the Djinni Fire Elementalist began the quest
                  | for the Orb.
     0 | D:1      | Reached XP level 1. HP: 15/15 MP: 0/0
   744 | D:1      | Reached XP level 2. HP: 18/21 MP: 0/0
  2722 | D:2      | Reached skill level 3 in Spellcasting
  2722 | D:2      | Reached XP level 3. HP: 22/26 MP: 0/0
  2722 | D:2      | Learned a level 1 spell: Pain
  2922 | D:2      | Reached skill level 1 in Fighting
  3111 | D:2      | Reached XP level 4. HP: 28/32 MP: 0/0
  3132 | D:2      | Noticed Robin
  3138 | D:2      | Killed Robin
  3139 | D:2      | Reached XP level 5. HP: 9/37 MP: 0/0
  3139 | D:2      | Learned a level 2 spell: Wereblood
  4928 | D:2      | Noticed Natasha
  4937 | D:2      | Killed Natasha
  5520 | D:2      | Noticed Natasha
  5525 | D:2      | Killed Natasha
  5578 | D:2      | Noticed Natasha
  5583 | D:2      | Killed Natasha
  5584 | D:2      | Reached XP level 6. HP: 38/45 MP: 0/0
  5858 | D:3      | Noticed Sigmund
  5873 | D:3      | Killed Sigmund
  5874 | D:3      | Reached skill level 4 in Spellcasting
  6088 | D:3      | Noticed a sky beast
  6099 | D:3      | Killed a sky beast
  6100 | D:3      | Reached XP level 7. HP: 43/50 MP: 0/0
  6100 | D:3      | Learned a level 2 spell: Ensorcelled Hibernation
  7852 | D:4      | Found a staircase to the Ecumenical Temple.
  7866 | Temple   | Entered the Ecumenical Temple
  8017 | Temple   | Became a worshipper of Gozag Ym Sagoz the Greedy
  8500 | D:4      | Reached skill level 5 in Spellcasting
  8897 | D:4      | Reached XP level 8. HP: 48/58 MP: 0/0
  9886 | D:5      | Entered Level 5 of the Dungeon
  9886 | D:5      | Noticed a troll
  9905 | D:4      | Killed a troll
  9906 | D:4      | Reached skill level 6 in Spellcasting
 11021 | D:5      | Found a snail-covered altar of Cheibriados.
 11870 | D:6      | Noticed Maggie
 11883 | D:6      | Killed Maggie
 11884 | D:6      | Reached XP level 9. HP: 50/64 MP: 0/0
 11884 | D:6      | Learned a level 3 spell: Stone Arrow
 12024 | D:6      | Reached skill level 5 in Fighting
 12029 | D:6      | Reached skill level 7 in Spellcasting
 13705 | D:7      | Reached skill level 8 in Spellcasting
 14431 | D:7      | Found Hooqygg's Weapon Boutique.
 14880 | D:8      | Found a flagged portal.
 15247 | D:8      | Reached XP level 10. HP: 58/73 MP: 0/0
 15438 | D:8      | Reached skill level 9 in Spellcasting
 16883 | D:9      | Found the -2 hat of the Alchemist {rElec rPois rF+ rC+ rN+
                  | Will+ rMut rCorr}
 17324 | D:9      | Noticed a cyclops
 17345 | D:9      | Killed a cyclops
 17346 | D:9      | Reached skill level 10 in Spellcasting
 17613 | D:9      | Identified the +1 chain mail of the Ego {Will+}
 17660 | D:9      | Noticed a five-headed hydra
 18089 | D:9      | Killed a five-headed hydra
 18090 | D:9      | Reached skill level 1 in Armour
 18394 | D:9      | Reached XP level 11. HP: 70/79 MP: 0/0
 18394 | D:9      | Learned a level 5 spell: Metabolic Englaciation
 18993 | D:9      | Noticed a two-headed ogre
 19001 | D:9      | Killed a two-headed ogre
 19075 | D:9      | Noticed an elephant
 19081 | D:9      | Killed an elephant
 19082 | D:9      | Reached skill level 11 in Spellcasting
 19796 | D:9      | Found a staircase to the Lair.
 20339 | D:9      | Noticed a two-headed ogre
 20343 | D:9      | Killed a two-headed ogre
 20579 | D:10     | Entered Level 10 of the Dungeon
 20593 | D:10     | Noticed Urug
 20854 | D:10     | Found a runed translucent gate.
 20854 | D:10     | Found a runed translucent gate.
 20854 | D:10     | Found a runed translucent gate.
 21870 | D:10     | Noticed dualclasshuman's ghost (journeyman DjFE)
 21888 | D:10     | Found a staircase to the Orcish Mines.
 21894 | D:10     | Found Ahiazyasch's Armour Shoppe.
 22065 | D:10     | Bought the +8 plate armour of Tortured Freedom {*Slow rC+++
                  | Regen+} for 1590 gold pieces
 22128 | D:10     | Killed Urug
 22129 | D:10     | Reached XP level 12. HP: 71/86 MP: 0/0
 22430 | D:10     | Reached skill level 12 in Spellcasting
 22627 | D:10     | Identified the +9 war axe of Teedos {flame, Contam rF++
                  | rC++}
 23338 | D:11     | Noticed Maurice
 23354 | D:11     | Killed Maurice
 23595 | D:11     | Noticed Erolcha
 24659 | D:11     | Noticed an eight-headed hydra
 24662 | D:11     | Noticed an ettin
 24666 | D:11     | Killed an eight-headed hydra
 24668 | D:11     | Killed an ettin
 24890 | D:11     | Noticed a centaur warrior
 24894 | D:11     | Killed a centaur warrior
 24895 | D:11     | Reached skill level 5 in Armour
 25095 | D:11     | Noticed a seven-headed hydra
 25106 | D:11     | Killed a seven-headed hydra
 25338 | D:11     | Identified the +7 hand axe "Aczur" {venom, Contam rF+
                  | Will+}
 26172 | D:11     | Noticed a tengu warrior
 26172 | D:11     | Noticed a tengu reaver
 26575 | D:11     | Killed a tengu warrior
 26576 | D:11     | Reached skill level 1 in Evocations
 27017 | D:11     | Noticed a two-headed ogre
 27043 | D:11     | Killed a two-headed ogre
 27044 | D:11     | Reached skill level 1 in Throwing
 27044 | D:11     | Reached skill level 13 in Spellcasting
 27044 | D:11     | Reached XP level 13. HP: 52/94 MP: 0/0
 27044 | D:11     | Learned a level 5 spell: Iskenderun's Battlesphere
 27075 | D:11     | Killed Erolcha
 27076 | D:11     | Reached skill level 5 in Stealth
 27477 | D:11     | Noticed Icepheonix32's ghost (journeyman DsFi)
 27489 | D:11     | Found a transporter.
 27494 | D:11     | Found a transporter.
 27612 | D:11     | Noticed a fire dragon
 27832 | D:11     | Noticed a fire dragon
 28132 | D:11     | Killed a fire dragon
 34821 | Orc:1    | Entered Level 1 of the Orcish Mines
 35788 | Orc:1    | Found Enylug's Jewellery Shop.
 36119 | Orc:1    | Noticed an orc warlord
 36137 | Orc:1    | Noticed an orc warlord
 36150 | Orc:1    | Killed an orc warlord
 36200 | Orc:1    | Identified the +4 chain mail of Kucuikioho {rC+ rCorr
                  | Stlth+}
 37319 | D:10     | Killed an orc warlord
 38355 | Orc:1    | You are sucked into a shaft and drop 1 floor!
 38355 | Orc:2    | Entered Level 2 of the Orcish Mines
 38378 | Orc:2    | Found Idup's General Store.
 38647 | Orc:1    | Identified the +10 spear of Pride {freeze, Stlth+}
 38705 | Orc:1    | Identified the ring of Recklessness {Fly rCorr}
 38770 | Orc:1    | Bought a +4 ring of protection for 468 gold pieces
 39261 | Orc:2    | Reached skill level 14 in Spellcasting
 39501 | Orc:2    | Reached XP level 14. HP: 40/102 MP: 0/0
 39866 | Orc:2    | Noticed an orc warlord
 39942 | Orc:2    | Killed an orc warlord
 40173 | Orc:2    | Found Yrudghi's Jewellery Shop.
 40489 | Orc:2    | Reached skill level 1 in Axes
 40498 | Orc:2    | Reached skill level 10 in Fighting
 40709 | Orc:2    | Found Puani's General Store.
 40710 | Orc:2    | Found Gutolab's General Store.
 40710 | Orc:2    | Found Heavuz's Assorted Antiques.
 40736 | Orc:2    | Found Wosuoz's Antique Armour Shoppe.
 40745 | Orc:2    | Bought a potion of haste for 170 gold pieces
 40745 | Orc:2    | Bought a scroll of teleportation for 51 gold pieces
 40745 | Orc:2    | Bought a scroll of identify for 34 gold pieces
 40745 | Orc:2    | Bought a wand of paralysis (2) for 68 gold pieces
 40745 | Orc:2    | Bought a scroll of identify for 34 gold pieces
 40762 | Orc:2    | Bought a scroll labelled OHEMU SIEME for 21 gold pieces
 40762 | Orc:2    | Bought a scroll of identify for 42 gold pieces
 40796 | Orc:2    | Bought a potion of berserk rage for 75 gold pieces
 40796 | Orc:2    | Bought a scroll of teleportation for 45 gold pieces
 40796 | Orc:2    | Bought a scroll of teleportation for 45 gold pieces
 41148 | Orc:2    | Bought a potion of heal wounds for 60 gold pieces
 41365 | Orc:2    | Found a staircase to the Elven Halls.
 41573 | Elf:1    | Entered Level 1 of the Elven Halls
 42069 | Elf:1    | Noticed a deep elf demonologist
 42075 | Elf:1    | Noticed a Hell Sentinel
 42078 | Elf:1    | Noticed a Brimstone Fiend
 42866 | Elf:1    | HP: 7/154 [+1 dire flail of holy wrath (19)]
 42867 | Elf:1    | Slain by a +1 dire flail of holy wrath

Illustrated notes

Levels and vault maps discovered:
D:1:      scummos_arrival_star, layout_loops_ring
D:2:      layout_rooms, minmay_pentomino_x4, uniq_robin, uniq_natasha
D:3:      layout_rooms, uniq_sigmund
D:4:      layout_loops_ring, minmay_temple_entry_junction
D:5:      layout_cave_pods, nicolae_overflow_crystal_walls
D:6:      layout_cave_pools, uniq_maggie
D:7:      layout_loops_ring, serial_shops, nicolae_shop_waterfront
D:8:      layout_loops_ring, enter_bailey_7
D:9:      minmay_opposing_rooms, layout_long_grid, david_lair_generic
D:10:     layout_gridville, orc_david_3, gammafunk_ghost_icy, uniq_urug
D:11:     minmay_tearing_corner, layout_small_grid, gammafunk_ghost_hive,
          uniq_erolcha, uniq_maurice
Temple:   minmay_crystal_snake_temple
Orc:1:    layout_caves, serial_shops, nicolae_shop_hallway_stairs,
          minmay_orc_treasury
Orc:2:    st_orc_rangers, layout_diamond_mine, serial_shops,
          nicolae_shop_waterfront, nicolae_shop_statue_plus, basic_altar
Elf:1:    elf_arrival_001, layout_loops_corners, minivault_28, uniq_agnes
Elf:2:    nicolae_elf_blades_splatter_lattice
          [nicolae_vaults_blade_armed_guards], layout_geoelf_octagon

Skill      XL: |  1  2  3  4  5  6  7  8  9 10 11 12 13 14 |
---------------+-------------------------------------------+-----
Spellcasting   | 3 4 5 6 8 10 11 13 14 | 14.6
Fighting       | 1 2 3 4 6 7 8 9 10 | 10.4
Stealth        | 2 3 4 5 |  5.0
Armour         | 1 3 5 8 9 |  9.3
Dodging        | 3 4 |  4.3
Evocations     | 1 2 4 |  4.4
Throwing       | 1 |  1.2
Axes           | 2 |  2.4

Action                   |  1- 3 |  4- 6 |  7- 9 | 10-12 | 13-15 || total
-------------------------+-------+-------+-------+-------+-------++-------
Melee: War axe           |       |       |       |     4 |   103 ||   107
       Punch             |       |       |       |       |     2 ||     2
Throw: Dart              |       |       |     1 |    17 |     1 ||    19
       Javelin           |       |       |       |     2 |     2 ||     4
       Throwing net      |       |       |       |     1 |     2 ||     3
 Cast: Foxfire           |    47 |    83 |   122 |   185 |   383 ||   820
       Scorch            |       |    11 |    27 |    24 |    68 ||   130
       Pain              |       |     1 |    22 |     1 |    17 ||    41
       Inner Flame       |       |       |    46 |    50 |   121 ||   217
       Ensorcelled Hiber |       |       |     7 |    12 |     9 ||    28
       Wereblood         |       |       |     1 |       |     5 ||     6
       Stone Arrow       |       |       |    26 |    88 |    84 ||   198
       Metabolic Englaci |       |       |       |    14 |     1 ||    15
       Iskenderun's Batt |       |       |       |       |    10 ||    10
       Conjure Flame     |       |       |       |       |    11 ||    11
Evoke: Wand              |       |       |       |    11 |    14 ||    25
       Phial of floods   |       |       |       |     1 |     1 ||     2
       Lightning rod     |       |       |       |       |     3 ||     3
  Use: Scroll            |       |       |     4 |     9 |    16 ||    29
       Potion            |       |       |       |     9 |    13 ||    22
 Stab: Sleeping          |       |       |       |       |     1 ||     1
Armor: Robe              |       |     2 |     9 |    11 |     2 ||    24
       Plate armour      |       |       |       |       |   267 ||   267
       Skin              |       |       |       |       |     3 ||     3
Dodge: Dodged            |     2 |     2 |    24 |    72 |   283 ||   383
